AoeStats
← ColdFront

Golden Pit

503120343Analyzed
1v1 RM · 1mo ago on Aug 30, 2026· 27m 43s· 2 players
Game mode
Random Map
Map size
Tiny (2 player)
Population
200
Speed
Normal
Resources
Standard
Victory
Conquest
Starting age
Dark Age
Ending age
Imperial Age
RankedLock teamsTeams togetherTeam positionsShared explorationLock speedFull tech treeHidden civsTurbo modeCheats
Victory
Defeat
🇮🇳 Mongols · India
933
+16
🇹🇼 Aztecs · Taiwan
924
-16
中國人來一隊
10:32 Feudal Age
10:41 Loom
17:02 Horse Collar
19:19 Double-Bit Axe
23:07 Castle Age
21:43 Scale Mail Armor
22:57 Forging
23:56 Squires
23:17 Eagle Warrior
24:23 Pikeman
25:31 Bow Saw
25:30 Heavy Plow
26:06 Chain Mail Armor
26:28 Iron Casting
ColdFront
7:04 Loom
9:08 Feudal Age
12:04 Horse Collar
16:29 Double-Bit Axe
16:36 Double-Bit Axe
21:38 Castle Age
20:25 Bloodlines
20:23 Scale Barding Armor
22:34 Husbandry
25:21 Forging
27:48 Wheelbarrow
Connection lost

Rejoining the realm…

Still unreachable

The connection could not be restored.

Session expired

The server has moved on; the page needs a fresh start.